 Dungeon Crawl Stone Soup version 0.18-a0-596-g6468885 (webtiles) character file.

3109 Duffy the Destroyer (level 9, -1/44 HPs)
             Began as a Vine Stalker Conjurer on Dec 3, 2015.
             Was a Priest of Sif Muna.
             Shot with a sling bullet by Joseph (17 damage)
             ... on level 8 of the Dungeon.
             The game lasted 00:17:34 (10493 turns).

Duffy the Destroyer (Vine Stalker Conjurer)        Turns: 10493, Time: 00:17:34

Health: -1/44      AC:  9    Str: 12    XL:     9   Next: 91%
Magic:  0/22       EV: 13    Int: 18    God:    Sif Muna [***...]
Gold:   433        SH:  0    Dex: 17    Spells: 5 memorised, 8 levels left

rFire  . . .     SeeInvis +     w - +0 blowgun
rCold  . . .     Clarity  .     a - +0 robe
rNeg   . . .     SustAt   .     (no shield)
rPois  .         Gourm    .     r - +2 helmet
rElec  .         Spirit   +     l - +0 cloak
rCorr  .         Dismiss  .     (no gloves)
rMut   .         Stasis   .     j - +0 pair of boots
MR     +....                    (no amulet)
Stlth  ++........               u - +3 ring of dexterity
                                e - ring of see invisible

@: very slightly contaminated, somewhat resistant to hostile enchantments,
unstealthy
A: fangs 3, hooves 1, slimy green scales 1, regeneration 2, magic shield,
antimagic bite, no device heal 3, rot immunity
a: Channel Energy, Forget Spell, Renounce Religion


You were on level 8 of the Dungeon.
You worshipped Sif Muna.
Sif Muna was most pleased with you.
You were not hungry.

You visited 1 branch of the dungeon, and saw 8 of its levels.
You also visited: Ossuary.

You collected 433 gold pieces.


Innate Abilities, Weirdness & Mutations

You have razor-sharp teeth.
You heal very quickly.
When hurt, damage is shared between your health and your magic reserves.
Your bite disrupts and absorbs the magic of your enemies.
Potions and wands cannot restore your health.
You are immune to rotting.
You have large cloven feet.
You are partially covered in slimy green scales (AC +2).


   Skills:
 - Level 3.5 Fighting
 - Level 2.5 Dodging
 - Level 2.4 Stealth
 - Level 8.0 Spellcasting
 - Level 9.5 Conjurations
 - Level 3.0 Hexes
 + Level 0.0 Charms
 - Level 3.5 Invocations


You had 8 spell levels left.
You knew the following spells:

 Your Spells              Type           Power        Failure   Level  Hunger
a - Magic Dart            Conj           ####         1%          1    None
c - Iskenderun's Mystic   Conj           #####...     1%          4    ###....
d - Iskenderun's Battles  Conj/Chrm      ###.....     41%         5    #####..
e - Fulminant Prism       Conj/Hex       ####......   10%         4    ###....
s - Searing Ray           Conj           #####.       1%          2    None

Inventory:

Hand Weapons
 w - a +0 blowgun (weapon)
Missiles
 x - 6 poisoned needles (quivered)
 K - a throwing net
Armour
 a - a +0 robe (worn)
 j - a +0 pair of boots (worn)
 l - a +0 cloak (worn)
 r - a +2 helmet (worn)
 M - a +0 pair of gloves
Jewellery
 e - a ring of see invisible (left hand)
 u - a +3 ring of dexterity (right hand)
 B - an uncursed amulet of stasis
Wands
 E - a wand of draining (11)
 G - a wand of disintegration (0)
 Q - a wand of confusion (9)
Scrolls
 h - 2 scrolls of enchant weapon {unknown}
 i - 5 scrolls of blinking
 m - 2 scrolls of recharging {unknown}
 p - a scroll of magic mapping {unknown}
 s - 2 scrolls of teleportation {unknown}
 y - 2 scrolls of random uselessness {unknown}
 F - a scroll of enchant armour {unknown}
 J - a scroll of fear {unknown}
 L - a scroll of amnesia {unknown}
Potions
 g - a potion of ambrosia
 k - 3 potions of poison
 n - 2 potions of lignification
 o - 2 potions of flight
 q - 2 potions of might
 v - 2 potions of cure mutation
 z - a potion of berserk rage
 A - a potion of magic
 C - 6 potions of curing
 D - a potion of cancellation
 O - a potion of invisibility {unknown}
Books
 b - a book of Conjurations
 H - a book of Air
 I - a book of Death
 N - a book of Battle
Comestibles
 c - 6 bread rations
 d - a slice of pizza
 f - 2 fruits
 t - a meat ration
 P - 2 chunks of flesh

Dungeon Overview and Level Annotations

Branches:
Dungeon (8/15)             Temple (0/1) D:6
   Lair: D:8-11

Altars:
Ashenzari
Cheibriados
Elyvilon
Fedhas
Kikubaaqudgha
Makhleb
Okawaru
Sif Muna
Trog
Yredelemnul
Zin
The Shining One

Annotations:
D:3 nht's ghost, amateur MiHu
D:8 Joseph


Message History

Cast which spell? (? or * to list)
Aiming: Magic Dart
Press: ? - help, Shift-Dir - straight line, f/p - Joseph
Aim: Joseph, wielding a hunting sling of evasion and wearing a dyed leather armour (lightly wounded)
The magic dart hits Joseph.
Joseph is moderately wounded.
Your battlesphere fires!
The barrage of energy hits Joseph.
Joseph is heavily wounded.
Joseph shoots a sling bullet.
The sling bullet hits you!
Cast which spell? (? or * to list)
Aiming: Magic Dart
Press: ? - help, Shift-Dir - straight line, f/p - Joseph
Aim: Joseph, wielding a hunting sling of evasion and wearing a dyed leather armour (heavily wounded)
The magic dart hits Joseph.
Joseph is heavily wounded.
Your battlesphere fires!
The barrage of energy hits Joseph.
Joseph is heavily wounded.
Your battlesphere expends the last of its energy and dissipates.
Cast which spell? (? or * to list)
Aiming: Magic Dart
Press: ? - help, Shift-Dir - straight line, f/p - Joseph
Aim: Joseph, wielding a hunting sling of evasion and wearing a dyed leather armour (heavily wounded)
The magic dart hits Joseph.
Joseph is severely wounded.
Joseph shoots a sling bullet.
The sling bullet hits you.
You are too injured to fight recklessly!
You are too injured to fight recklessly!
Firing (i - inventory. (,) - cycle):
x - 7 poisoned needles (quivered)
Press: ? - help, Shift-Dir - straight line, f/p - Joseph
Aim: Joseph, wielding a hunting sling of evasion and wearing a dyed leather armour (severely wounded)
You shoot a poisoned needle. The poisoned needle misses Joseph.
Joseph shoots a sling bullet.
The sling bullet hits you!!
You die...

### #..........#... ###
..# #..........#... ...
..# #.........##...
.... ..#
#####...###.##..# .....
..#
#...........##..##....o
..#
#.###.###....#.........
..# #.....#
#....#...[....#
..###.....#
#.0..#..[...#
....).....#
#...@#..#####
.####..##.###......##
.####%.#....@...#..#
.##..).#.(####..#..#
.##.#.....# #..##.#
.##.#..#(## #..##..
.............#..####.
###.#....###.#..# ..
#.#.#### #..# #.


You could see Joseph.

Action                   |  1- 3 |  4- 6 |  7- 9 || total
-------------------------+-------+-------+-------++-------
 Fire: Blowgun           |       |       |    17 ||    17
 Cast: Magic Dart        |    57 |   111 |   178 ||   346
       Searing Ray       |     4 |     9 |    55 ||    68
       Fulminant Prism   |       |       |     4 ||     4
       Iskenderun's Batt |       |       |     1 ||     1
  Use: Scroll            |       |       |    12 ||    12
       Potion            |       |       |     2 ||     2
 Stab: Sleeping          |       |       |     1 ||     1
  Eat: Chunk             |     4 |     7 |    19 ||    30
       Fruit             |       |       |     2 ||     2

Notes
Turn   | Place    | Note
--------------------------------------------------------------
     0 | D:1      | Duffy the Vine Stalker Conjurer began the quest for the Orb.
     0 | D:1      | Reached XP level 1. HP: 9/9 MP: 4/4
   400 | D:1      | Reached XP level 2. HP: 13/13 MP: 4/6
   657 | D:1      | Learned a level 2 spell: Searing Ray
  1288 | D:2      | Reached XP level 3. HP: 16/16 MP: 2/8
  1422 | D:2      | Found a glowing silver altar of Zin.
  1430 | D:2      | Reached skill level 3 in Spellcasting
  1777 | D:2      | Noticed Sigmund
  1869 | D:2      | Found a faded altar to an unknown god.
  1973 | D:2      | Killed Sigmund
  1973 | D:2      | Reached skill level 4 in Spellcasting
  1973 | D:2      | Reached skill level 5 in Conjurations
  1973 | D:2      | Reached XP level 4. HP: 21/21 MP: 0/11
  1973 | D:2      | Reached XP level 5. HP: 24/24 MP: 0/12
  2108 | D:2      | Noticed Robin
  2149 | D:2      | Killed Robin
  2349 | D:2      | Gained mutation: You heal very quickly. [Vine Stalker growth]
  2349 | D:2      | Reached XP level 6. HP: 28/28 MP: 11/13
  2441 | D:2      | Learned a level 4 spell: Iskenderun's Mystic Blast
  2446 | D:2      | Learned a level 4 spell: Fulminant Prism
  2578 | D:2      | Found a white marble altar of Elyvilon.
  3136 | D:3      | Reached skill level 6 in Conjurations
  3217 | D:3      | Reached skill level 1 in Hexes
  3320 | D:3      | Found a glowing golden altar of the Shining One.
  3321 | D:3      | Found a shattered altar of Ashenzari.
  3321 | D:3      | Found a deep blue altar of Sif Muna.
  3329 | D:3      | Became a worshipper of Sif Muna the Loreminder
  4050 | D:3      | Noticed nht's ghost (amateur MiHu)
  4139 | D:3      | Found a bloodstained altar of Trog.
  4493 | D:3      | Reached skill level 5 in Spellcasting
  4493 | D:3      | Reached XP level 7. HP: 27/32 MP: 5/15
  4916 | D:4      | Reached skill level 2 in Hexes
  5000 | D:4      | Found a sand-covered staircase.
  5004 | Ossuary  | Entered an ossuary
  5150 | Ossuary  | Reached skill level 7 in Conjurations
  5251 | Ossuary  | Reached * piety under Sif Muna
  5328 | Ossuary  | Noticed a flying skull
  5328 | Ossuary  | Noticed a wraith
  5335 | Ossuary  | Noticed a flying skull
  5406 | Ossuary  | Noticed a flying skull
  5494 | Ossuary  | Noticed a flying skull
  5499 | Ossuary  | Noticed a flying skull
  5506 | Ossuary  | Noticed a wraith
  5514 | Ossuary  | Killed a wraith
  5514 | Ossuary  | Reached skill level 3 in Hexes
  5514 | Ossuary  | Gained mutation: You have razor-sharp teeth. [Vine Stalker growth]
  5514 | Ossuary  | Reached XP level 8. HP: 19/36 MP: 1/17
  5939 | D:4      | Reached skill level 1 in Invocations
  6282 | D:4      | Reached skill level 6 in Spellcasting
  6282 | D:4      | Reached skill level 8 in Conjurations
  6582 | D:4      | Gained mutation: You are partially covered in slimy green scales (AC +2). [potion of beneficial mutation]
  6583 | D:4      | Gained mutation: You have large cloven feet. [potion of beneficial mutation]
  6585 | D:5      | Entered Level 5 of the Dungeon
  6593 | D:5      | Learned a level 5 spell: Iskenderun's Battlesphere
  6627 | D:5      | Reached ** piety under Sif Muna
  6627 | D:5      | Reached skill level 2 in Invocations
  6946 | D:5      | Noticed Prince Ribbit
  7470 | D:5      | Found a snail-covered altar of Cheibriados.
  7495 | D:5      | Killed Prince Ribbit
  7495 | D:5      | Reached skill level 9 in Conjurations
  7495 | D:5      | Reached skill level 3 in Invocations
  7495 | D:5      | Reached XP level 9. HP: 34/39 MP: 4/20
  7917 | D:5      | Found an ancient bone altar of Kikubaaqudgha.
  8404 | D:6      | Found a burning altar of Makhleb.
  8421 | D:6      | Reached skill level 7 in Spellcasting
  8625 | D:6      | Found an iron altar of Okawaru.
  8999 | D:6      | Found a blossoming altar of Fedhas.
  9213 | D:6      | Found a staircase to the Ecumenical Temple.
  9280 | D:7      | Found a basalt altar of Yredelemnul.
  9293 | D:7      | Noticed Duvessa
  9294 | D:7      | Noticed Dowan
  9313 | D:7      | Killed Duvessa
  9313 | D:7      | Reached skill level 1 in Fighting
  9313 | D:7      | Killed Dowan
  9349 | D:6      | Reached *** piety under Sif Muna
  9624 | D:7      | Reached skill level 2 in Fighting
  9895 | D:7      | Reached skill level 8 in Spellcasting
 10095 | D:7      | Noticed Crazy Yiuf
 10098 | D:7      | Killed Crazy Yiuf
 10279 | D:8      | Reached skill level 3 in Fighting
 10290 | D:8      | Reached skill level 2 in Dodging
 10312 | D:8      | Noticed Joseph
 10493 | D:8      | Shot with a sling bullet by Joseph

Vault maps used:
D:1:      lightli_arrival_lavapool, serial_bayou_pond_c
D:2:      nicolae_overflow_hidden_temple, lemuel_crystal_altar,
          ecumenical_altar_1, first_bread, hangedman_decor_push, uniq_robin,
          uniq_sigmund
D:3:      minitemple, lemuel_crystal_altar
D:4:      enter_ossuary_5, minmay_misc_feat_tiny
D:5:      lemuel_zombie_altar_kikubaaqudgha, cheibrodos_worm_habitat,
          uniq_prince_ribbit1
D:6:      demons_altar, kennysheep_mini_moat, fedhas_altar_1,
          lemuel_temple_firewalk
D:7:      yredelemnul_altar_generic, uniq_duvessa, uniq_crazy_yiuf_cottage
D:8:      minmay_flawed_box, lemuel_doored_altar, led_sif_book, uniq_joseph
Ossuary:  ossuary_due_cavern

Vanquished Creatures
  Prince Ribbit Sigmund
  2 wraiths Duvessa
  2 ogres
  A phantom
  2 sky beasts
  4 centaurs
  2 giant frogs Dowan
  2 scorpions
  A jelly
  3 wights
  A crimson imp
  5 orc priests
  A giant frog skeleton
  4 hounds Crazy Yiuf
  3 centaur skeletons
  3 iron imps
  8 orc wizards
  3 worker ants
  2 hound skeletons Robin
  7 gnolls
  A shadow imp
  6 adders
  An adder zombie
  An ooze
  An adder skeleton
  4 worms
  7 giant geckos
  29 orcs
  3 bats
  4 bat zombies
  5 giant cockroaches
  8 hobgoblins
  6 quokkas
  A ball python
  A ball python skeleton
  2 giant newts
  17 goblins
  2 hobgoblin skeletons
  3 hobgoblin zombies
  9 kobolds
  2 kobold zombies
  An orc skeleton
  15 rats
  A rat zombie
  4 fulminant prisms
196 creatures vanquished.
